 Dungeon Crawl Stone Soup version 0.31.0-12-g77e489cdc1 (webtiles) character file.

Game seed: 11868676177793155931

18934038 Tinttamiau the Heavyweight Champion (level 27, 312/312 HPs)
             Began as a Troll Delver on Feb 23, 2024.
             Was a High Priest of Wu Jian.
             Escaped with the Orb
             ... and 15 runes on Feb 26, 2024!
             The game lasted 04:46:44 (81268 turns).

Tinttamiau the Heavyweight Champion (Troll Delver) Turns: 81268, Time: 04:46:45

Health: 312/312    AC: 36    Str: 45    XL:     27
Magic:  37/37      EV: 14    Int:  9    God:    Wu Jian [*****.]
Gold:   7129       SH: 27    Dex:  8    Spells: 38/49 levels left

rFire   + +          +
                       - Unarmed
rCold   + + +        p - +5 tower shield of the Saviour {rElec rC+ Str-2 Slay+6}
rNeg    + + +        E - +12 gold dragon scales
rPois   ∞            z - +0 hat of Repulsion {rN+++ Dex+2 SInv}
rElec   +            a - scarf {rC+ rF+}
rCorr   +            (gloves unavailable)
SInv    +            (boots unavailable)
Will    +++++        F - macabre finger necklace {Finger+ rN+} Stlth
                     O - ring "Elu Obei" {rF+ EV+5 Int+3 Slay+3}
HPRegen 1.52/turn    o - ring of Zucitih {Fire rPois Will+++ Str+5 Dex-5}
MPRegen 0.25/turn    x - ring "Cyerr" {Fly rN+ Will++ rCorr Str+4}

%: clarity
@: death-form, flying, studying 3 skills, serpent's lash
A: vile attack, torment immunity, no potions, large, unfitting armour, claws 3,
regeneration 1, shaggy fur 1, tough skin 1, clarity, cold resistance 1, wild
magic 1
0: Orb of Zot
}: 15/15 runes: decaying, slimy, silver, golden, iron, obsidian, icy, bone,
abyssal, demonic, glowing, magical, fiery, dark, gossamer
a: Siphon Essence, Begin Untransformation, Renounce Religion, Wall Jump,
Serpent's Lash, Heavenly Storm


You escaped.
You worshipped Wu Jian.
Wu Jian was extremely pleased with you.
You were an undying horror.
You visited 17 branches of the dungeon, and saw 87 of its levels.
You visited Pandemonium 3 times, and saw 18 of its levels.
You visited the Abyss 5 times.
You visited 1 bazaar.
You also visited: Gauntlet and Wizlab.

You collected 16944 gold pieces.
You spent 9815 gold pieces at shops.

Inventory:

Missiles
 e - 20 javelins (quivered)
 n - 27 boomerangs
 w - 12 silver javelins
 G - 173 large rocks
 Z - 3 throwing nets
Armour
 a - a scarf of resistance (worn)
 p - the +5 tower shield of the Saviour (worn) {rElec rC+ Str-2 Slay+6}
   (You acquired it on level 6 of the Dungeon)

   Str-2:     It affects your strength (-2).
   Slay+6:    It affects your accuracy & damage with ranged weapons and melee
   (+6).
   rC+:       It protects you from cold.
   rElec:     It insulates you from electricity.
 z - the +0 hat of Repulsion (worn) {rN+++ Dex+2 SInv}
   (You bought it in a shop on level 10 of the Dungeon)

   Dex+2:     It affects your dexterity (+2).
   rN+++:     It renders you almost immune to negative energy.
   SInv:      It lets you see invisible.
 E - +12 gold dragon scales (worn)
 T - a +0 tower shield of reflection
Jewellery
 o - the ring of Zucitih (right claw) {Fire rPois Will+++ Str+5 Dex-5}
   (You found it on level 1 of the Lair of Beasts)

   [ring of fire]

   Fire:      It enhances your fire magic.
   Str+5:     It affects your strength (+5).
   Dex-5:     It affects your dexterity (-5).
   rF+:       It protects you from fire.
   rC-:       It makes you vulnerable to cold.
   rPois:     It protects you from poison Will+++: It greatly increases your
   willpower.
 x - the ring "Cyerr" (on amulet) {Fly rN+ Will++ rCorr Str+4}
   (You acquired it in a Gauntlet)

   [ring of positive energy]

   Str+4:     It affects your strength (+4).
   rN+:       It protects you from negative energy.
   Will++:    It greatly increases your willpower.
   Fly:       It grants you flight.
   rCorr:     It protects you from acid and corrosion.
 y - the amulet "Giraal" {Reflect rN++ Dex+2 SH+5}
   (You found it on level 7 of Tartarus)

   [amulet of reflection]

   Reflect:   It reflects blocked missile attacks.
   Dex+2:     It affects your dexterity (+2).
   rN++:      It greatly protects you from negative energy.
   SH+5:      It affects your SH (+5).
 F - the macabre finger necklace (around neck) {Finger+ rN+}
   (You found it on level 5 of the Vaults)

   [amulet of nothing]

   Finger+:   It enables you to equip an extra ring.
   rN+:       It protects you from negative energy.
 O - the ring "Elu Obei" (left claw) {rF+ EV+5 Int+3 Slay+3}
   (You bought it in a shop on level 2 of the Orcish Mines)

   [ring of evasion]

   EV+5:      It affects your evasion (+5).
   Int+3:     It affects your intelligence (+3).
   Slay+3:    It affects your accuracy & damage with ranged weapons and melee
   (+3).
   rF+:       It protects you from fire.
 V - the ring "Ceobul" {rF+ Str+2}
   (You found it on level 7 of Tartarus)

   [ring of protection from fire]

   Str+2:     It affects your strength (+2).
   rF+:       It protects you from fire.
Talismans
 r - a talisman of death (active)
 W - a granite talisman
Wands
 m - a wand of acid (51)
 q - a wand of iceblast (48)
 v - a wand of digging (26)
Scrolls
 f - 16 scrolls of teleportation
 g - 10 scrolls of vulnerability
 i - 8 scrolls of poison
 k - 2 scrolls of enchant weapon
 A - 3 scrolls of amnesia
 B - 5 scrolls of blinking
 H - a scroll of butterflies
 I - 3 scrolls of fog
 J - 5 scrolls of silence
 K - 8 scrolls of immolation
 L - 4 scrolls of torment
 P - 3 scrolls of enchant armour
 U - 12 scrolls of fear
Potions
 b - 9 potions of lignification
 c - 6 potions of magic
 d - 19 potions of mutation
 h - 6 potions of brilliance
 l - 22 potions of curing
 s - 23 potions of heal wounds
 t - 7 potions of might
 u - 7 potions of berserk rage
 C - 7 potions of cancellation
 D - 2 potions of resistance
 M - 12 potions of ambrosia
 N - 17 potions of enlightenment
 Q - 10 potions of attraction
 X - 7 potions of haste
 Y - a potion of invisibility
Miscellaneous
 j - a figurine of a ziggurat
 R - a phial of floods
 S - a phantom mirror


   Skills:
 + Level 24.7 Fighting
 - Level 14.3 Throwing
 + Level 19.9 Armour
 - Level 12.0 Dodging
 - Level 2.7 Stealth
 - Level 25.0 Shields
 O Level 27 Unarmed Combat
 - Level 11.6 Spellcasting
 - Level 14.0 Hexes
 - Level 13.2 Translocations
 - Level 14.0 Air Magic
 - Level 24.0 Shapeshifting


You had 38 spell levels left.
You knew the following spells:

 Your Spells              Type           Power      Damage    Failure   Level
a - Vhi's Electric Charg  Tloc/Air       76%        N/A       4%          4
b - Silence               Hex/Air        19%        N/A       10%         5
c - Blink                 Tloc           74%        N/A       1%          2

Your spell library contained the following spells:

 Spells                   Type           Power      Damage    Failure   Level
 Apportation              Tloc           74%        N/A       1%          1
 Slow                     Hex            100%       N/A       1%          1
 Jinxbite                 Hex            78%        N/A       1%          2
 Confusing Touch          Hex            39%        N/A       1%          3
 Gell's Gravitas          Tloc           37%        N/A       1%          3
 Sigil of Binding         Hex            39%        N/A       1%          3
 Swiftness                Air            39%        N/A       1%          3
 Teleport Other           Tloc           37%        N/A       1%          3
 Tukima's Dance           Hex            39%        N/A       1%          3
 Airstrike                Air            19%        2d(3-19)  4%          4
 Cause Fear               Hex            19%        N/A       4%          4
 Dimensional Bullseye     Hex/Tloc       19%        N/A       4%          4
 Manifold Assault         Tloc           37%        N/A       4%          4
 Passage of Golubria      Tloc           37%        N/A       4%          4
 Shock                    Conj/Air       92%        1d8       6%          1
 Ensorcelled Hibernation  Hex/Ice        46%        N/A       10%         2
 Mercury Vapours          Alch/Air       46%        N/A       10%         2
 Static Discharge         Conj/Air       46%        3-5/arc   10%         2
 Momentum Strike          Conj/Tloc      44%        3d9       11%         2
 Dazzling Flash           Conj/Hex       46%        N/A       17%         3
 Inner Flame              Hex/Fire       34%        N/A       17%         3
 Volatile Blastmotes      Fire/Tloc      66%        2d15      19%         3
 Cigotuvi's Dreadful Rot  Necr/Alch/Air  34%        N/A       22%         2
 Anguish                  Hex/Necr       11%        N/A       45%         4
 Summon Lightning Spire   Summ/Air       23%        N/A       45%         4
 Iskenderun's Mystic Bla  Conj/Tloc      22%        2d6       50%         4
 Dispersal                Tloc           18%        N/A       50%         6
 Foxfire                  Conj/Fire      40%        2x1d6     65%         1
 Freeze                   Ice            24%        1d4       65%         1
 Magic Dart               Conj           24%        1d4       65%         1
 Necrotise                Necr           24%        1d5       65%         1
 Sandblast                Erth           12%        2d6       65%         1
 Sting                    Conj/Alch      24%        1d4       65%         1
 Summon Small Mammal      Summ           24%        N/A       65%         1
 Call Imp                 Summ           12%        N/A       78%         2
 Scorch                   Fire           20%        2d5       78%         2
 Searing Ray              Conj           12%        2d4       78%         2
 Sublimation of Blood     Necr           6%         N/A       78%         2
 Arcjolt                  Conj/Air       11%        1d21      78%         5
 Metabolic Englaciation   Hex/Ice        11%        N/A       78%         5
 Summon Mana Viper        Hex/Summ       23%        N/A       78%         5
 Summon Forest            Summ/Tloc      11%        N/A       83%         5
 Enfeeble                 Hex            19%        N/A       92%         7
 Call Canine Familiar     Summ           6%         N/A       94%         3
 Frozen Ramparts          Ice            12%        1d2       94%         3
 Fugue of the Fallen      Necr           6%         N/A       94%         3
 Hailstorm                Conj/Ice       6%         3d5       94%         3
 Ozocubu's Armour         Ice            6%         N/A       94%         3
 Passwall                 Erth           6%         N/A       94%         3
 Stone Arrow              Conj/Erth      12%        3d7       94%         3
 Summon Ice Beast         Ice/Summ       6%         N/A       94%         3
 Vampiric Draining        Necr           6%         2d6       94%         3
 Freezing Cloud           Conj/Ice/Air   8%         6-21      97%         5
 Animate Armour           Summ/Erth      12%        N/A       100%        4
 Animate Dead             Necr           6%         N/A       100%        4
 Brom's Barrelling Bould  Conj/Erth      6%         2d3       100%        4
 Dispel Undead            Necr           6%         3d8       100%        4
 Flame Wave               Conj/Fire      10%        2d6       100%        4
 Fulminant Prism          Conj/Alch      3%         3d5       100%        4
 Ignite Poison            Fire/Alch      10%        N/A       100%        4
 Leda's Liquefaction      Alch/Erth      3%         N/A       100%        4
 Martyr's Knell           Necr/Summ      6%         N/A       100%        4
 Olgreb's Toxic Radiance  Alch           6%         N/A       100%        4
 Petrify                  Alch/Erth      6%         N/A       100%        4
 Sticky Flame             Fire/Alch      10%        2d5       100%        4
 Summon Blazeheart Golem  Fire/Summ      10%        N/A       100%        4
 Curse of Agony           Necr           6%         N/A       100%        5
 Fireball                 Conj/Fire      5%         3d5       100%        5
 Irradiate                Conj/Alch      3%         3d12      100%        5
 Iskenderun's Battlesphe  Conj           6%         2d6       100%        5
 Bombard                  Conj/Erth      3%         9d1       100%        6
 Conjure Ball Lightning   Conj/Air       11%        3x3d6     100%        6
 Death Channel            Necr           3%         N/A       100%        6
 Eringya's Noxious Bog    Alch           3%         4d6       100%        6
 Plasma Beam              Fire/Air       17%        2x1d28    100%        6
 Sculpt Simulacrum        Ice/Alch       3%         N/A       100%        6
 Starburst                Conj/Fire      5%         6d4       100%        6
 Summon Cactus Giant      Summ           3%         N/A       100%        6
 Haunt                    Necr/Summ      3%         N/A       100%        7
 Malign Gateway           Summ/Tloc      11%        N/A       100%        7
 Monstrous Menagerie      Summ           3%         N/A       100%        7
 Orb of Destruction       Conj           3%         9d5       100%        7
 Ozocubu's Refrigeration  Ice            3%         4d8       100%        7
 Spellforged Servitor     Conj/Summ      3%         N/A       100%        7
 Summon Hydra             Summ           3%         N/A       100%        7
 Discord                  Hex            19%        N/A       100%        8
 Disjunction              Tloc           18%        N/A       100%        8
 Ignition                 Fire           5%         3d4       100%        8
 Infestation              Necr           3%         N/A       100%        8
 Lehudib's Crystal Spear  Conj/Erth      3%         10d2      100%        8
 Maxwell's Capacitive Co  Air            19%        ∞         100%        8
 Summon Horrible Things   Summ           3%         N/A       100%        8
 Chain Lightning          Conj/Air       11%        3d15      100%        9
 Fire Storm               Conj/Fire      5%         8d1       100%        9
 Polar Vortex             Ice            3%         N/A       100%        9
 Shatter                  Erth           3%         3d7*      100%        9


Dungeon Overview and Level Annotations

Branches:
Dungeon (15/15)            Temple (0/1) D:6            Lair (5/5) D:11
  Swamp (4/4) Lair:2       Spider (4/4) Lair:3        Slime (5/5) Lair:4
    Orc (2/2) D:9             Elf (3/3) Orc:2        Vaults (5/5) D:14
  Crypt (3/3) Vaults:3       Tomb (3/3) Crypt:3      Depths (4/4) D:15
   Hell (visited)             Dis (7/7) Hell            Geh (7/7) Hell
    Coc (7/7) Hell            Tar (7/7) Hell            Zot (5/5) Depths:4
 WizLab (visited)         Gauntlet (visited)

Altars:
Dithmenos
Gozag
Hepliaklqana
Nemelex Xobeh
Okawaru
Qazlal
Ru
Sif Muna
Trog
Uskayaw
Vehumet
Wu Jian
Xom
Yredelemnul
Zin
Lugonu

Shops:
D:1 (   D:10 **   Orc:2 *[=(   Elf:3 (   Vaults:1 [   Vaults:2 [   Vaults:4 (
Depths:1 *   Depths:2 *   Depths:3 [*

Portals:
Hell: Depths:1 Depths:2 Depths:3 Depths:4
Abyss: Depths:3
Pandemonium: Depths:1 Depths:2 Depths:4
Ziggurat: Depths:4
Trove: D:10 (give +5 demon blade)

Annotations:
Lair:3 exclusion: oklob plant
Lair:4 exclusion: downstairs
Swamp:3 2 transporters
Elf:1 3 runed translucent doors, exclusion: obsidian statue, Naedelly's ghost, journeyman TrSh
Elf:2 3 runed translucent doors
Elf:3 2 transporters, TangoThomas's ghost, veteran DsAr
Zot:3 2 transporters, Sofait's ghost, legendary GnFE


Innate Abilities, Weirdness & Mutations

You are an undying horror.
Your melee and unarmed attacks drain, slow and weaken victims.
You are immune to unholy pain and torment.
You cannot drink.
You are immune to poison.
You are too large for most types of armour.
You have claws for hands.
Your natural rate of healing is unusually fast.
You are covered in fur. (AC +1)
You have tough skin. (AC +1)
You possess an exceptional clarity of mind.
Your flesh is cold resistant. (rC+)
Your spells are a little harder to cast, but a little more powerful.


Message History

The Brimstone Fiend is lightly wounded.
You eviscerate the Brimstone Fiend!!!!
You kill the Brimstone Fiend!
The Council accepts your kill.
There is a stone staircase leading up here.
You fly upwards.
There is a stone staircase leading down here.
You see here a +0 club.
You see here a +0 club.
A lorocyproca and 2 demonspawn black suns come into view.
A demonspawn black sun is wielding a +1 demon blade of venom.
A demonspawn black sun is wielding a +1 demon trident of electrocution.
Things that are here:
5 stones; a +0 short sword You lunge at the demonspawn black sun, in a flurry of attacks.
You eviscerate the demonspawn black sun!!!
The demonspawn black sun decays.
You drain the demonspawn black sun!!
The demonspawn black sun is severely wounded.
You eviscerate the demonspawn black sun!!!
You kill the demonspawn black sun!
The Council accepts your kill.
You spin and attack the lorocyproca repeatedly.
You mangle the lorocyproca!!
The lorocyproca decays.
The lorocyproca is heavily wounded.
You eviscerate the lorocyproca!!!
You kill the lorocyproca!
The Council accepts your kill.
Items here: ) [[ †.
Your muscles tense, ready for explosive movement...
You lunge with incredible momentum at the demonspawn black sun, in a flurry of attacks.
You eviscerate the demonspawn black sun!!!!
You blow up the demonspawn black sun!
The Council accepts your kill.
You see here a staff of earth.
Your supernatural speed expires.
You feel less exhausted.
You see here a +0 robe.
There is a fountain of clear blue water here.
There is a staircase leading out of the dungeon here.
Your muscles tense, ready for explosive movement...
You have escaped!

###......................###
##...##.####.####.####.##...##
#..###...##..)##...##...###..#
#.## #.⌠.##.⌠.##.⌠.##.⌠.# ##.#
#.####...##...##...##...####.#
#...###.####.####.####.###...#
#.⌠.###.####.####.####.###.⌠.#
#.....)......................#
##.##.........z..........##.##
#..................(.........#
#.⌠.###.####.####.####.###.⌠.#
#...###.####.####.####.###...#
#.####...##(..##...##...####.#
#.## #.⌠.##.⌠.##.⌠.##.⌠.# ##.#
#..###...##...##...##...###..#
##....#^####.####.####.##...##
###......................###


There were no monsters in sight!

Vanquished Creatures
  Cerebov (Pan)
  Antaeus (Coc:7)
  Asmodeus (Geh:7)
  Mnoleg (Pan)
  the Royal Jelly (Slime:5)
  Dissolution (Slime:3)
  Gloorx Vloq (Pan)
  Ereshkigal (Tar:7)
  the Serpent of Hell (Dis:7)
  Lom Lobon (Pan)
  6 dread liches
  Dispater (Dis:7)
  5 ancient liches
  4 orbs of fire
  Mennas (Pan)
  35 royal mummies
  Vv (Depths:3)
  Boris (Depths:1)
  9 shard shrikes
  Bai Suzhen (Swamp:4)
  10 Killer Klowns
  The ghost of WeeknightWizard the Sorcerer, a veteran DEFE of Vehumet (Depths:3)
  42 caustic shrikes
  Saint Roka (Crypt:2)
  The ghost of ragingrage the Executioner, a veteran HOFi of Beogh (Vaults:4)
  Geryon (Hell)
  Nikola (Spider:2)
  2 curse toes
  The ghost of Soesill the Warrior, an adept DgCj (Depths:3)
  The ghost of Imio the Warrior, an adept DgCj (Depths:3)
  10 golden dragons
  Arachne (Spider:3)
  the Enchantress (Depths:2)
  A pearl dragon (Pan)
  20 bone dragons
  18 doom hounds
  9 profane servitors
  A shard shrike zombie (Abyss:5)
  11 Brimstone Fiends
  3 electric golems
  7 hellephants
  27 Ice Fiends
  16 Tzitzimimeh
  9 iron giants
  2 spectral shard shrikes
  A Cloud Mage (WizLab)
  23 tainted leviathans
  23 tentacled monstrosities
  24 Hell Sentinels
  15 searing wretches
  6 quicksilver dragons
  30 Orb Guardians
  Asterion (Spider:2)
  9 liches
  A deep elf blademaster (Elf:3)
  10 pandemonium lords (Pan)
  5 death cobs
  14 sphinxes
  31 ancient champions
  13 titans
  29 Executioners (Pan)
  23 acid blobs
  10 tentacled starspawn
  Aizul (Spider:3)
  10 tengu reavers
  Roxanne (Spider:4)
  A thorn hunter (Swamp:3)
  32 azure jellies
  10 shadow dragons
  11 protean progenitors
  4 emperor scorpions
  3 daevas
  15 storm dragons
  9 draconian monks
  25 fire giants
  26 narguns
  2 nagarajas (Pan)
  2 revenants
  14 rockslimes
  4 deep elf sorcerers
  5 draconian knights
  4 draconian shifters
  3 caustic shrike zombies
  15 quicksilver elementals
  4 iron dragons
  12 vault wardens
  2 spectral juggernauts
  9 shard shrike simulacra
  14 demonspawn warmongers
  2 spectral caustic shrikes
  12 ghost moths
  21 ghouls
  3 orc warlords
  9 deep elf elementalists (Elf:3)
  48 balrugs
  15 frost giants
  4 draconian scorchers
  16 demonspawn corrupters (Pan)
  6 angels
  6 curse skulls
  3 juggernaut skeletons (Pan)
  12 quicksilver oozes
  12 ironbound preservers
  9 demonspawn blood saints (Pan)
  5 spriggan defenders
  2 draconian stormcallers
  33 reapers
  35 cacodemons
  10 draconian annihilators
  17 very ugly things
  14 stone giants
  2 broodmothers (Spider:4)
  12 formless jellyfish
  23 elemental wellsprings
  3 deep elf demonologists
  Nessos (D:15)
  11 deep elf death magi
  7 green draconians
  16 demonspawn black suns
  9 ironbound thunderhulks
  10 putrid mouths
  8 apis (Pan)
  3 starflowers
  3 caustic shrike skeletons (Pan)
  10 vampire knights
  4 bennus
  5 eleionomae
  15 spark wasps
  11 deep elf annihilators
  9 ophanim (Pan)
  4 dire elephants
  45 war gargoyles
  5 black draconians
  12 white draconians
  16 purple draconians
  A minotaur (Gauntlet)
  28 lorocyprocas
  23 wendigos
  10 yellow draconians
  5 bunyips
  3 spectral titans
  9 red draconians
  3 crystal guardians
  The ghost of dertzug the Basher, a journeyman AtFi of Qazlal (D:12)
  The ghost of kalagan the Eclecticist, a journeyman DECj of Sif Muna (Lair:1)
  24 iron golems
  20 blizzard demons
  14 green deaths
  17 yaktaur captains
  2 jiangshi (Crypt:2)
  10 entropy weavers
  4 fire dragons
  A shambling mangrove (Swamp:2)
  30 eidola
  23 mummy priests
  19 ettins
  A deep elf high priest (Vaults:5)
  3 spriggan zombies (Crypt:3)
  3 hell beasts
  Fannar (D:10)
  13 juggernaut simulacra
  8 ghost crabs
  2 radroaches
  A fenstrider witch zombie (Crypt:2)
  12 salamander tyrants
  2 spectral spriggans
  11 rakshasas
  Erolcha (D:10)
  3 peacekeepers
  11 great orbs of eyes
  8 ice dragons
  33 vault guards
  7 ogre magi
  7 spriggan air magi
  17 hydras
  A quicksilver dragon skeleton (Depths:2)
  13 stokers
  18 caustic shrike simulacra
  14 centaur warriors
  3 jorogumos
  A merfolk aquamancer (Pan)
  26 two-headed ogres
  7 catoblepae
  8 ironbound frosthearts
  8 boulder beetles
  3 death knights
  A spectral stone giant (Tar:3)
  7 alligators
  13 dancing weapons
  74 death scarabs
  A holy swine (Abyss:5)
  10 deep troll earth magi
  4 spectral dire elephants
  7 deep troll shamans
  29 demonic crawlers
  3 orc high priests (Orc:2)
  A spectral naga (Tar:3)
  37 hell hogs
  9 tengu warriors
  4 shock serpents (WizLab)
  23 death yaks
  4 vampire magi
  24 thrashing horrors
  8 deep elf knights
  An occultist (Depths:2)
  2 spriggan berserkers (Depths:2)
  86 sun demons
  Nergalle (Lair:2)
  A hellephant skeleton (Pan)
  48 soul eaters
  8 wretched stars
  20 hell knights
  11 iron trolls
  4 skysharks
  9 crystal echidnas
  A bunyip zombie (Crypt:3)
  18 shadow wraiths
  40 skeletal warriors
  2 storm dragon zombies
  6 pharaoh ants
  42 sixfirhies
  2 spatial maelstroms
  A ghost moth zombie (Crypt:1)
  4 goliath frogs
  11 sun moths
  A spectral anaconda (Tar:1)
  5 death drakes
  24 shadow demons
  5 cherubim (Pan)
  A mana viper (shapeshifter) (Depths:1)
  43 deep trolls
  2 spriggan druids (Swamp:3)
  7 quicksilver dragon simulacra (Coc:7)
  15 flayed ghosts
  A glowing orange brain (shapeshifter) (Depths:4)
  2 spriggan simulacra
  2 orange crystal statues (Abyss:5)
  An anaconda zombie (Crypt:3)
  A shadow dragon zombie (Depths:2)
  A steelbarb worm (shapeshifter) (Vaults:4)
  9 arcanists
  7 bog bodies
  8 swamp dragons
  12 deep elf archers
  7 glowing orange brains
  3 kraken simulacra (Coc:7)
  9 orb spiders
  6 steelbarb worms
  3 harpies (Vaults:3)
  19 ironbound convokers
  A bunyip skeleton (Crypt:2)
  27 phantasmal warriors
  14 necromancers
  5 lindwurms
  10 orc knights
  18 deep elf zephyrmancers
  49 large abominations
  6 oklob plants
  15 deep elf pyromancers
  3 manticores
  6 will-o-the-wisps
  A spectral ettin (Tar:2)
  21 wolf spiders
  22 moths of wrath
  8 orc sorcerers
  70 ugly things
  A shining eye (shapeshifter) (Vaults:5)
  2 worldbinders
  4 shining eyes
  8 cyclopes
  A fire giant zombie (Crypt:2)
  6 elephants
  A spectral centaur (Tar:2)
  2 apocalypse crabs
  3 meliai (Spider:3)
  2 rust devils
  2 ice statues (Coc:7)
  A spectral alligator snapping turtle (Tar:3)
  3 kobold blastminers
  17 vault sentinels
  A dire elephant zombie (Crypt:1)
  An elephant (shapeshifter) (Vaults:5)
  3 eyes of devastation
  119 slime creatures
  A toenail golem (D:4)
  67 smoke demons
  An alligator snapping turtle zombie (Crypt:3)
  2 orc zombies
  6 torpor snails
  2 cane toads (shapeshifter)
  8 cane toads
  11 molten gargoyles
  A storm dragon simulacrum (Coc:1)
  Jeremiah (D:9)
  43 hellions
  A yaktaur zombie (Vaults:3)
  8 gargoyles
  Maggie (D:10)
  A centaur skeleton (Crypt:1)
  18 freezing wraiths
  42 yaktaurs
  2 kobold demonologists
  28 orange demons
  12 efreet
  7 rime drakes
  26 tormentors
  7 komodo dragons
  A shock serpent skeleton (Crypt:1)
  5 tengu conjurers
  A swamp worm zombie (Crypt:1)
  35 guardian mummies
  5 ice devils
  2 bunyip simulacra
  6 anaconda simulacra
  8 trolls
  A queen bee (Zot:4)
  4 iron giant simulacra
  4 harpy zombies
  3 ancient zymes
  3 golden dragon simulacra
  4 red devils
  3 spectral harpies
  4 bloated husks
  2 silent spectres
  A troll (shapeshifter) (Abyss:4)
  22 hellwings
  4 polar bears
  12 tarantellas
  8 tyrant leeches
  18 wind drakes
  Prince Ribbit (D:8)
  12 hornets
  20 raiju
  2 harpy skeletons
  5 dream sheep (Lair:5)
  A dream sheep (shapeshifter) (Vaults:5)
  14 blink frogs
  6 glass eyes
  6 iron dragon simulacra
  A centaur simulacrum (Coc:2)
  A spectral black mamba (Tar:1)
  An ettin zombie (Vaults:3)
  2 stone giant simulacra
  A culicivora (shapeshifter) (Vaults:5)
  35 jumping spiders
  12 wraiths
  8 air elementals
  17 culicivoras
  A guardian serpent skeleton (Crypt:2)
  A black mamba zombie (Crypt:3)
  42 ynoxinuls
  An ice dragon skeleton (Crypt:2)
  3 vampires
  4 naga simulacra
  An ettin skeleton (Crypt:1)
  7 dire elephant simulacra
  4 small abominations
  9 shadows
  48 yaks
  3 fire bats (Pan)
  11 spriggans
  14 ushabtiu
  2 basilisks
  5 water elementals
  Grum (D:8)
  22 fire elementals
  An elf (Depths:3)
  2 wyverns
  7 humans
  11 golden eyes
  A hog (shapeshifter) (D:14)
  27 neqoxecs
  A black mamba skeleton (Crypt:2)
  6 wargs
  3 steam dragons
  A warg (shapeshifter) (D:13)
  64 redbacks
  30 chaos spawn
  A deep troll zombie (Crypt:1)
  11 vampire mosquitoes
  23 harpy simulacra
  An acid dragon (D:11)
  27 swamp worms
  13 water moccasins
  3 hell hounds (Pan)
  3 hydra simulacra
  A naga zombie (Crypt:3)
  4 sky beasts
  An ice beast (D:5)
  32 orc warriors
  A swamp drake (Swamp:1)
  4 ettin simulacra
  14 laughing skulls
  An ice dragon simulacrum (Coc:1)
  A lindwurm zombie (Crypt:2)
  2 black mamba simulacra (Lair:1)
  28 wolves
  13 ogres
  2 boggarts (Depths:3)
  11 centaurs
  40 starcursed masses
  8 kobold brigands
  A phantom (D:7)
  A gnoll sergeant (D:9)
  19 necrophages
  2 spectral wargs (Depths:3)
  14 bullfrogs
  6 elf zombies
  4 earth elementals
  3 scorpions
  10 wyvern skeletons (Crypt:3)
  A warg skeleton (Crypt:1)
  8 wights
  An elephant simulacrum (Lair:1)
  6 killer bees
  A human simulacrum (Vaults:3)
  A troll skeleton (Crypt:2)
  10 howler monkeys
  2 electric eels
  A wolf zombie (Crypt:1)
  A crimson imp (Abyss:5)
  3 bombardier beetles
  2 centaur zombies
  2 gnoll boudas
  A wyvern simulacrum (Lair:1)
  2 hounds
  5 jellies
  Crazy Yiuf (D:3)
  27 orc priests
  An iron imp (Abyss:2)
  A water moccasin simulacrum (Lair:1)
  Ijyb (D:4)
  Natasha (thrice) (D:4)
  2 iguanas
  A sleepcap (D:6)
  32 orc wizards
  2 polar bear simulacra (Lair:1)
  2 bullfrog simulacra (Lair:1)
  An ice beast zombie (Crypt:1)
  A tengu skeleton (Crypt:2)
  An ogre skeleton (Crypt:1)
  59 mummies
  18 gnolls
  6 adders
  A shadow imp (D:6)
  2 white imps
  4 ufetubi (D:6)
  A ribbon worm (D:5)
  3 dart slugs
  75 orcs
  13 endoplasms
  2 giant cockroaches
  10 hobgoblins
  2 jackals (D:2)
  31 kobolds
  5 quokkas
  6 ball pythons
  4 bats
  2 frilled lizards
  8 goblins
  A hobgoblin zombie (Crypt:2)
  2 rats
  13 aspiring fleshes
  8 creeping infernos
  8 fire vortices
  12 starspawn tentacles
  2 tentacles (Coc:7)
4689 creatures vanquished.

Vanquished Creatures (others)
  2 titans
  An eldritch tentacle (Tomb:3)
  A balrug (Geh:7)
  A shard shrike simulacrum (Coc:6)
  A lorocyproca (Pan)
  2 spark wasps (WizLab)
  A blizzard demon (Pan)
  A caustic shrike simulacrum (Coc:7)
  A centaur warrior (D:10)
  An occultist (Depths:3)
  A deep elf zephyrmancer (Elf:3)
  An apocalypse crab (WizLab)
  A hellion (Dis:3)
  An anaconda simulacrum (Coc:7)
  A hellwing (Pan)
  2 wind drakes (WizLab)
  An air elemental (WizLab)
  A water elemental (Elf:3)
  2 chaos spawn (Pan)
  A fire bat (Pan)
  3 harpy simulacra (Coc:7)
  A swamp worm (Swamp:1)
  A wolf (Depths:3)
  A centaur (Depths:3)
  A bullfrog (Lair:1)
  A gnoll (D:6)
  3 ball lightnings (Pan)
  12 foxfires
  A lurking horror (Abyss:5)
  18 starspawn tentacles
  6 tentacles (Coc:7)
72 creatures vanquished.

Grand Total: 4761 creatures vanquished

Notes
Turn   | Place    | Note
-------+----------+-------------------------------------------
     0 | D:5      | Tinttamiau the Troll Delver began the quest for the Orb.
     0 | D:5      | Reached XP level 1. HP: 22/22 MP: 0/0
    15 | D:5      | Noticed an ogre
    22 | D:5      | Noticed an iguana
    23 | D:5      | Noticed a water moccasin
    23 | D:5      | Noticed a howler monkey
    25 | D:5      | Noticed a scorpion
    31 | D:5      | Reached XP level 2. HP: 29/29 MP: 1/1
    47 | D:5      | Noticed a howler monkey
    65 | D:4      | Reached skill level 3 in Unarmed Combat
    65 | D:4      | Reached XP level 3. HP: 36/37 MP: 2/2
   114 | D:4      | Found an iron altar of Okawaru.
   152 | D:4      | Noticed Natasha
   156 | D:4      | Killed Natasha
   161 | D:4      | Reached XP level 4. HP: 45/45 MP: 3/3
   203 | D:4      | Found a basalt altar of Yredelemnul.
   213 | D:4      | Found an ornate altar of the Wu Jian Council.
   228 | D:4      | Noticed Natasha
   235 | D:4      | Killed Natasha
   240 | D:4      | Became a worshipper of the Wu Jian Council
   346 | D:4      | Reached skill level 4 in Unarmed Combat
   346 | D:4      | Reached XP level 5. HP: 20/54 MP: 4/4
   586 | D:1      | Found Weuk Naam's Antique Weapon Shop.
   773 | D:1      | Reached * piety under Wu Jian
  1827 | D:3      | Found a faded altar of an unknown god.
  2213 | D:3      | Found a runed translucent door.
  2214 | D:3      | Noticed Crazy Yiuf
  2221 | D:3      | Killed Crazy Yiuf
  2267 | D:4      | Noticed Ijyb
  2277 | D:4      | Killed Ijyb
  2278 | D:4      | Reached XP level 6. HP: 60/63 MP: 5/5
  2329 | D:4      | Found a hide-covered altar of Uskayaw.
  2329 | D:4      | Found a shadowy altar of Dithmenos.
  2329 | D:4      | Found a sparkling altar of Nemelex Xobeh.
  2329 | D:4      | Found a stormy altar of Qazlal.
  2329 | D:4      | Found a glowing silver altar of Zin.
  2329 | D:4      | Found a hazy altar of Hepliaklqana.
  2333 | D:4      | Reached ** piety under Wu Jian
  2335 | D:4      | Reached skill level 5 in Unarmed Combat
  2698 | D:4      | Noticed Natasha
  2706 | D:4      | Killed Natasha
  2881 | D:5      | Found a bloodstained altar of Trog.
  2957 | D:5      | Noticed an ice beast
  2963 | D:5      | Killed an ice beast
  2964 | D:5      | Reached skill level 5 in Fighting
  2964 | D:5      | Reached XP level 7. HP: 54/72 MP: 6/6
  3038 | D:5      | Reached skill level 6 in Unarmed Combat
  3186 | D:5      | Reached XP level 8. HP: 47/83 MP: 7/7
  3466 | D:6      | Reached skill level 7 in Unarmed Combat
  3837 | D:6      | Identified a scroll of acquirement
  3860 | D:6      | Acquired the +5 tower shield of the Saviour {rElec rC+
                  | Str-2 Slay+6}
  4017 | D:6      | Reached *** piety under Wu Jian
  4026 | D:6      | Found a staircase to the Ecumenical Temple.
  4214 | D:7      | Reached skill level 8 in Unarmed Combat
  4360 | D:7      | Reached XP level 9. HP: 92/93 MP: 8/8
  4550 | D:7      | Reached skill level 9 in Unarmed Combat
  4617 | D:7      | Found a shadowy altar of Dithmenos.
  4900 | D:8      | Noticed Prince Ribbit
  4906 | D:8      | Killed Prince Ribbit
  5158 | D:8      | Reached skill level 10 in Unarmed Combat
  5204 | D:8      | Noticed a kobold demonologist
  5221 | D:8      | Killed a kobold demonologist
  5224 | D:8      | Reached **** piety under Wu Jian
  5231 | D:8      | Reached XP level 10. HP: 85/107 MP: 9/9
  5549 | D:8      | Noticed Grum
  5572 | D:8      | Killed Grum
  6127 | D:8      | Reached skill level 11 in Unarmed Combat
  6548 | D:9      | Noticed Jeremiah
  6559 | D:8      | Reached skill level 1 in Shields
  6600 | D:9      | Killed Jeremiah
  6660 | D:9      | Found a sacrificial altar of Ru.
  6837 | D:9      | Found a staircase to the Orcish Mines.
  7021 | D:9      | Noticed a two-headed ogre
  7032 | D:9      | Killed a two-headed ogre
  7033 | D:9      | Reached skill level 10 in Fighting
  7522 | D:10     | Entered Level 10 of the Dungeon
  7522 | D:10     | Noticed Erolcha
  7526 | D:10     | Killed Erolcha
  7526 | D:10     | Reached XP level 11. HP: 100/117 MP: 10/10
  7768 | D:10     | Noticed Maggie
  7771 | D:10     | Found a hide-covered altar of Uskayaw.
  7773 | D:10     | Killed Maggie
  7885 | D:10     | Found a portal to a secret trove of treasure.
  8000 | D:10     | Noticed a centaur warrior
  8001 | D:10     | Found Alifou's Specific Store.
  8085 | D:10     | Found a shimmering blue altar of Sif Muna.
  8415 | D:10     | Noticed Fannar
  8419 | D:10     | Killed Fannar
  8419 | D:10     | Reached skill level 12 in Unarmed Combat
  8506 | D:10     | Found Atog's General Store.
  8508 | D:10     | Killed a centaur warrior
  8521 | D:10     | Bought the +0 hat of Repulsion {rN+++ Dex+2 SInv} for 525
                  | gold pieces
  8521 | D:10     | Bought a potion of might for 52 gold pieces
  8521 | D:10     | Bought a scroll of teleportation for 39 gold pieces
  8755 | D:11     | Noticed a two-headed ogre
  8769 | D:11     | Killed a two-headed ogre
  8770 | D:11     | Reached skill level 5 in Dodging
  8770 | D:11     | Reached skill level 5 in Shields
  8975 | D:10     | Reached skill level 1 in Throwing
  8999 | D:10     | Noticed a centaur warrior
  8999 | D:10     | Noticed a centaur warrior
  9000 | D:10     | Noticed an orc knight
  9001 | D:10     | Noticed a centaur warrior
  9001 | D:10     | Noticed a deep elf archer
  9009 | D:10     | Killed a centaur warrior
  9016 | D:10     | Killed a centaur warrior
  9017 | D:10     | Noticed a purple ugly thing
  9025 | D:10     | Killed a centaur warrior
  9028 | D:10     | Killed an orc knight
  9031 | D:10     | Killed a deep elf archer
  9135 | D:10     | Killed a purple ugly thing
  9154 | D:10     | Noticed a white ugly thing
  9155 | D:10     | Noticed a purple ugly thing
  9162 | D:10     | Killed a white ugly thing
  9162 | D:10     | Reached XP level 12. HP: 93/126 MP: 11/11
  9364 | D:11     | Reached skill level 13 in Unarmed Combat
  9783 | D:11     | Found a staircase to the Lair.
 10048 | Lair:1   | Entered Level 1 of the Lair of Beasts
 10251 | Lair:1   | Found a runed translucent gate.
 10251 | Lair:1   | Found a runed translucent gate.
 10251 | Lair:1   | Found a runed translucent gate.
 10360 | Lair:1   | Noticed a boulder beetle
 10369 | Lair:1   | Killed a boulder beetle
 10666 | Lair:1   | Noticed kalagan's ghost (journeyman DECj)
 10698 | Lair:1   | Reached skill level 5 in Throwing
 10770 | Lair:1   | Identified the +10 orcbow of Yredelemnul's Hope {flame,
                  | SInv}
 10865 | Lair:1   | Reached ***** piety under Wu Jian
 10989 | Lair:1   | Killed kalagan's ghost
 11033 | Lair:1   | Got the ring of Zucitih {Fire rPois Will+++ Str+5 Dex-5}
 11038 | Lair:1   | Got Rebinog's Elucidation of Heated Fog
 11087 | Lair:2   | Noticed a five-headed hydra
 11219 | Lair:2   | Reached skill level 14 in Unarmed Combat
 11282 | Lair:2   | Noticed an eight-headed hydra
 11290 | Lair:2   | Killed a nine-headed hydra
 11352 | Lair:2   | Found a staircase to the Swamp.
 11431 | Lair:2   | Noticed Nergalle
 11448 | Lair:2   | Reached XP level 13. HP: 88/133 MP: 12/12
 11472 | Lair:2   | Killed Nergalle
 11989 | Lair:3   | Identified the +5 morningstar of the Goat {antimagic,
                  | Str+3}
 12056 | Lair:3   | Found a hole to the Spider Nest.
 13137 | Lair:4   | Reached skill level 15 in Unarmed Combat
 13155 | Lair:4   | Reached skill level 10 in Shields
 13666 | Lair:4   | Found a staircase to the Slime Pits.
 13706 | Lair:5   | Entered Level 5 of the Lair of Beasts
 13900 | Lair:5   | Reached XP level 14. HP: 120/143 MP: 13/13
 14082 | Lair:5   | Reached skill level 16 in Unarmed Combat
 14897 | D:12     | Found a runed translucent door.
 14898 | D:12     | Found a shimmering altar of Xom.
 14898 | D:12     | Noticed dertzug's ghost (journeyman AtFi)
 15027 | D:12     | Identified the +1 dagger of Patterns {protect, rN+}
 15174 | D:13     | Found a gate leading to a gauntlet.
 15186 | Gauntlet | Entered a Gauntlet
 15186 | Gauntlet | Found a transporter.
 15186 | Gauntlet | Found a transporter.
 15190 | Gauntlet | Found a transporter.
 15190 | Gauntlet | Found a transporter.
 15199 | Gauntlet | Found a transporter.
 15218 | Gauntlet | Found a transporter.
 15228 | Gauntlet | Found a transporter.
 15228 | Gauntlet | Found a transporter.
 15231 | Gauntlet | Found a transporter.
 15258 | Gauntlet | Found a transporter.
 15265 | Gauntlet | Found a transporter.
 15283 | Gauntlet | Found a transporter.
 15328 | Gauntlet | Found a transporter.
 15342 | Gauntlet | Found a transporter.
 15443 | Gauntlet | Found a transporter.
 15457 | Gauntlet | Found a transporter.
 15728 | Gauntlet | Identified the +3 leather armour "Saudir" {Rampage rElec
                  | rPois rC-}
 16711 | Orc:1    | Entered Level 1 of the Orcish Mines
 17028 | Orc:1    | You fall into a shaft and drop 1 floor!
 17028 | Orc:2    | Entered Level 2 of the Orcish Mines
 17029 | Orc:2    | Found Deimaemp's Jewellery Boutique.
 17029 | Orc:2    | Found Godim's General Store.
 17251 | Orc:2    | Reached skill level 17 in Unarmed Combat
 17363 | Orc:2    | Found a staircase to the Elven Halls.
 17473 | Orc:2    | Noticed an orc warlord
 17491 | Orc:2    | Killed an orc warlord
 17635 | Orc:2    | Found Heolont's Antique Armour Boutique.
 17635 | Orc:2    | Found Kischica's Antique Weapon Shop.
 17751 | Orc:2    | Bought the ring "Elu Obei" {rF+ EV+5 Int+3 Slay+3} for 1033
                  | gold pieces
 17754 | Orc:2    | Bought a scroll of teleportation for 45 gold pieces
 17837 | Orc:1    | Reached XP level 15. HP: 149/149 MP: 14/14
 17855 | Orc:1    | Acquired the ring "Cyerr" {Fly rN+ Will++ rCorr Str+4}
 18120 | D:12     | Killed dertzug's ghost
 18327 | D:14     | Reached skill level 18 in Unarmed Combat
 18432 | D:14     | Reached ****** piety under Wu Jian
 18695 | D:14     | Found a gate to the Vaults.
 18721 | D:14     | HP: 6/149 [vault guard/+0 glaive (8)]
 18984 | D:15     | Entered Level 15 of the Dungeon
 19005 | D:15     | Found a staircase to the Depths.
 19352 | D:15     | Noticed Nessos
 19355 | D:15     | Killed Nessos
 19356 | D:15     | Reached skill level 19 in Unarmed Combat
 19405 | D:15     | Reached XP level 16. HP: 146/158 MP: 15/15
 19942 | Swamp:1  | Entered Level 1 of the Swamp
 19949 | Swamp:1  | Reached skill level 15 in Shields
 21218 | Swamp:3  | Found a transporter.
 21277 | Swamp:3  | Found a transporter.
 21309 | Swamp:3  | Noticed a thorn hunter
 21315 | Swamp:3  | Killed a thorn hunter
 21477 | Swamp:3  | Reached skill level 20 in Unarmed Combat
 21961 | Swamp:4  | Entered Level 4 of the Swamp
 22195 | Swamp:4  | Noticed Bai Suzhen
 22204 | Swamp:4  | Killed Bai Suzhen
 22478 | Swamp:4  | Reached XP level 17. HP: 164/166 MP: 16/16
 22791 | Swamp:4  | Noticed a tentacled monstrosity
 22803 | Swamp:4  | Killed a tentacled monstrosity
 22987 | Swamp:4  | Got a decaying rune of Zot
 23127 | Spider:1 | Entered Level 1 of the Spider Nest
 23276 | Spider:1 | Reached skill level 10 in Throwing
 23411 | Spider:1 | Reached skill level 1 in Shapeshifting
 24242 | Spider:2 | Noticed Asterion
 24247 | Spider:2 | Killed Asterion
 24323 | Spider:2 | Reached skill level 21 in Unarmed Combat
 24396 | Spider:2 | Reached skill level 5 in Shapeshifting
 24887 | Spider:2 | Noticed Nikola
 24894 | Spider:2 | Killed Nikola
 25105 | Spider:3 | Noticed Arachne
 25123 | Spider:3 | Killed Arachne
 25499 | Spider:3 | Reached XP level 18. HP: 132/174 MP: 13/17
 25846 | Spider:3 | Identified the serpent talisman "Coguuhiw" {Str+2}
 25846 | Spider:3 | Noticed Aizul
 25857 | Spider:3 | Killed Aizul
 26183 | Spider:4 | Entered Level 4 of the Spider Nest
 26230 | Spider:4 | Noticed Roxanne
 26384 | Spider:4 | Killed Roxanne
 26870 | Spider:4 | Found the +3 pair of mountain boots {steadfast, rC+}
 27163 | Spider:4 | Got a gossamer rune of Zot
 27341 | Lair:2   | Reached skill level 10 in Shapeshifting
 27557 | Vaults:1 | Entered Level 1 of the Vaults
 27852 | Elf:1    | Entered Level 1 of the Elven Halls
 27918 | Elf:1    | Found a runed translucent gate.
 27918 | Elf:1    | Found a runed translucent gate.
 27918 | Elf:1    | Found a runed translucent gate.
 27919 | Elf:1    | Found an opulent altar of Gozag.
 27921 | Elf:1    | Noticed Naedelly's ghost (journeyman TrSh)
 28091 | Elf:1    | Got the Book of Lamentation
 28295 | Elf:1    | Reached skill level 22 in Unarmed Combat
 28974 | Elf:2    | Found a runed translucent gate.
 28974 | Elf:2    | Found a runed translucent gate.
 28974 | Elf:2    | Found a runed translucent gate.
 29230 | Elf:3    | Entered Level 3 of the Elven Halls
 29355 | Elf:3    | Found a transporter.
 29355 | Elf:3    | Noticed TangoThomas's ghost (veteran DsAr)
 29374 | Elf:3    | Found Urchefim's Weapon Boutique.
 29378 | Elf:3    | Bought 2 throwing nets for 84 gold pieces
 29486 | Elf:3    | Reached XP level 19. HP: 182/182 MP: 18/18
 29607 | Elf:3    | Found a transporter.
 30375 | Elf:3    | Identified the amulet "Cecobun" {Faith rN+ Str-5 Int+3}
 30446 | Elf:3    | Identified the staff of the Lost Lovers {rF+ rN+ Str-2 SInv
                  | Necro}
 30507 | Elf:3    | Got the Omnibus of Crystalline Execration
 30632 | Elf:3    | Got the Secrets of the Gastropod
 31495 | Vaults:1 | Found Wiewk's Antique Armour Shop.
 31506 | Vaults:1 | Bought a glowing cloak for 270 gold pieces
 32215 | Vaults:1 | Reached skill level 23 in Unarmed Combat
 32606 | Vaults:2 | Found Meepn's Antique Armour Shop.
 32614 | Vaults:2 | Bought a buzzing scarf for 340 gold pieces
 32614 | Vaults:2 | Identified the scarf of Beyond {+Inv, rN++ Str+3 Dex-3}
                  | (You bought it in a shop on level 2 of the Vaults)
 32615 | Vaults:2 | Bought a fading troll leather armour for 680 gold pieces
 32615 | Vaults:2 | Identified the +1 troll leather armour "Poojol" {rF+++ rC+
                  | Will+ Regen+ Int+3} (You bought it in a shop on level 2 of
                  | the Vaults)
 33185 | Vaults:2 | Reached XP level 20. HP: 86/191 MP: 8/19
 33197 | Vaults:2 | Reached skill level 15 in Shapeshifting
 33418 | Vaults:2 | Paralysed by a formless jellyfish for 1 turns
 35235 | Vaults:3 | Found a staircase to the Crypt.
 36057 | Vaults:4 | Found a runed translucent door.
 36057 | Vaults:4 | Noticed ragingrage's ghost (veteran HOFi)
 36063 | Vaults:4 | Killed ragingrage's ghost
 36116 | Vaults:4 | Found Burukit's Weapon Boutique.
 36442 | Crypt:1  | Entered Level 1 of the Crypt
 36451 | Crypt:1  | Reached XP level 21. HP: 200/200 MP: 17/20
 37043 | Crypt:2  | Reached skill level 24 in Unarmed Combat
 37170 | Crypt:2  | Noticed Saint Roka
 37179 | Crypt:2  | Killed Saint Roka
 37601 | Crypt:2  | Noticed a profane servitor
 37604 | Crypt:2  | Found a basalt altar of Yredelemnul.
 37607 | Crypt:2  | Killed a profane servitor
 37879 | Crypt:3  | Entered Level 3 of the Crypt
 38047 | Crypt:3  | Got the Papyrus of the Elliptic Torch
 38339 | Crypt:3  | Found a basalt altar of Yredelemnul.
 38541 | Crypt:3  | Noticed a profane servitor
 38541 | Crypt:3  | Noticed a profane servitor
 38544 | Crypt:3  | Killed a profane servitor
 38547 | Crypt:3  | Killed a profane servitor
 38815 | Crypt:3  | Found a staircase to the Tomb.
 38818 | Crypt:3  | Reached XP level 22. HP: 214/214 MP: 21/21
 38859 | Crypt:3  | Identified the staff "Fyoc" {rPois Will+ Dex+3 Alchemy}
 39494 | Vaults:5 | Entered Level 5 of the Vaults
 39500 | Vaults:5 | Noticed a golden dragon
 39543 | Vaults:5 | Killed a golden dragon
 39776 | Vaults:5 | Identified the +11 mace of the Sky {drain, Str+3}
 39855 | Vaults:5 | Gained mutation: Your magical capacity is low. (-10% MP) [a
                  | shining eye]
 39910 | Vaults:5 | Got Guisot's Grimoire of Twinkling Refrigeration
 39988 | Vaults:5 | Found the macabre finger necklace {Finger+ rN+}
 40163 | Vaults:5 | Identified the +7 longbow of Ecur {flame, *Corrode rC+
                  | Will+ Dex+5}
 40195 | Vaults:5 | Identified the ring "Vonwoni" {Dex+6 Slay+3}
 40316 | Vaults:5 | Got a silver rune of Zot
 40635 | Vaults:5 | Identified the +7 mace of Sharkskin {holy, *Noise Will+
                  | Dex+4}
 40734 | Vaults:5 | Got Sif Muna's Textbook on Fulgurant Doom
 40737 | Vaults:5 | Got the Reference Book on the Unified Coals
 41026 | Depths:1 | Entered Level 1 of the Depths
 41150 | Depths:1 | Found an opulent altar of Gozag.
 41202 | Depths:1 | Noticed Boris
 41205 | Depths:1 | Killed Boris
 41205 | Depths:1 | Reached skill level 25 in Unarmed Combat
 41205 | Depths:1 | Reached XP level 23. HP: 226/226 MP: 19/19
 41381 | Depths:1 | Found Ewulosy's Assorted Antiques.
 41390 | Depths:1 | Bought a potion of lignification for 69 gold pieces
 41390 | Depths:1 | Bought a scroll of poison for 92 gold pieces
 41650 | Depths:1 | Found a gateway to Hell.
 41686 | Depths:1 | Found a one-way gate leading to the halls of Pandemonium.
 41841 | Depths:2 | Found a magical portal.
 41864 | WizLab   | Entered The Chambers of the Cloud Mage
 41872 | WizLab   | Paralysed by an air elemental for 1 turns
 41881 | WizLab   | Paralysed by an air elemental for 1 turns
 41949 | WizLab   | Paralysed by an air elemental for 1 turns
 41997 | WizLab   | Paralysed by an air elemental for 1 turns
 42229 | WizLab   | Got the Annotations on Clouds
 42233 | WizLab   | Identified the ring of Wiaxt {^Contam rElec rN+ Str+6
                  | Dex+4}
 42240 | WizLab   | Identified the ring of the Suburbs {rC- EV+5 Int+8 Slay-2
                  | Stlth+}
 42249 | WizLab   | Identified the ring of Ganabuy {Fly rPois}
 42349 | Depths:2 | Found a transporter.
 42547 | Depths:2 | Noticed the Enchantress
 42633 | Depths:2 | Found a transporter.
 42719 | Depths:2 | Killed the Enchantress
 42961 | Depths:2 | Identified the amulet "Ziuv" {Acrobat rElec}
 42987 | Depths:2 | Identified the amulet "Oniemu" {rN+ Regen+}
 43151 | Depths:2 | Found Rath's Gadget Gallery.
 43159 | Depths:2 | Bought a wand of digging (6) for 327 gold pieces
 43346 | Depths:3 | Found an iron altar of Okawaru.
 43560 | Depths:3 | Found a runed translucent gate.
 43560 | Depths:3 | Found a runed translucent gate.
 43560 | Depths:3 | Noticed Imio's ghost (adept DgCj)
 43561 | Depths:3 | Found a runed translucent gate.
 43561 | Depths:3 | Noticed Soesill's ghost (adept DgCj)
 43562 | Depths:3 | Noticed WeeknightWizard's ghost (veteran DEFE)
 43565 | Depths:3 | Found a flickering gateway to a bazaar.
 43618 | Bazaar   | Entered a bazaar
 43618 | Bazaar   | Found Rihytu's Armour Shop.
 43618 | Bazaar   | Found Kudipt's Antique Weapon Emporium.
 43620 | Bazaar   | Found Bynk's Armour Emporium.
 43625 | Bazaar   | Found Liarai's Magic Scroll Shoppe.
 43641 | Bazaar   | Found Jaazeree's Book Shop.
 43650 | Bazaar   | Learned a level 4 spell: Vhi's Electric Charge
 43676 | Bazaar   | Bought a +2 cloak of willpower for 193 gold pieces
 43676 | Bazaar   | Bought the +3 hat of Pondering {ponderous, Will+ MP+10
                  | Int+5} for 342 gold pieces
 43676 | Bazaar   | Found the +3 hat of Pondering {ponderous, Will+ MP+10
                  | Int+5}
 43709 | Bazaar   | Bought the quicksilver dragon scales of the Locust {Will+
                  | Regen+ Dex+4} for 754 gold pieces
 43709 | Bazaar   | Bought the +1 robe "Basico" {Str+4 Dex+4} for 295 gold
                  | pieces
 43715 | Bazaar   | Bought a scroll of teleportation for 33 gold pieces
 43715 | Bazaar   | Bought a scroll of vulnerability for 44 gold pieces
 43715 | Bazaar   | Bought a scroll of enchant armour for 82 gold pieces
 43715 | Bazaar   | Bought a scroll of poison for 44 gold pieces
 43715 | Bazaar   | Bought a scroll of poison for 44 gold pieces
 43715 | Bazaar   | Bought a scroll of enchant armour for 82 gold pieces
 43715 | Bazaar   | Bought a scroll of revelation for 82 gold pieces
 43771 | Depths:3 | Found a corrupted altar of Lugonu.
 43771 | Depths:3 | Found a one-way gate to the infinite horrors of the Abyss.
 43903 | Depths:3 | Reached XP level 24. HP: 239/239 MP: 19/19
 43932 | Depths:3 | Noticed Vv
 43963 | Depths:3 | Identified the +5 plate armour "Inoqiups" {rN+}
 44023 | Depths:3 | Killed Vv
 44390 | Depths:3 | Found Orozais's General Store.
 44399 | Depths:3 | Bought a potion of might for 92 gold pieces
 44399 | Depths:3 | Bought a scroll of revelation for 172 gold pieces
 44468 | Depths:3 | Found a radiant altar of Vehumet.
 44495 | Depths:3 | Found Xiulieva's Miraculous Elixirs.
 44555 | Depths:3 | Found The Legendary Zehilie's Legendary Smithy.
 44616 | Depths:3 | Killed WeeknightWizard's ghost
 44623 | Depths:3 | Killed Imio's ghost
 44623 | Depths:3 | Killed Soesill's ghost
 44634 | Depths:3 | Identified the +1 hat of Eternal Night {rElec rC+ Stlth+}
 44773 | Depths:4 | Entered Level 4 of the Depths
 45013 | Depths:4 | Found a one-way gateway to a ziggurat.
 45670 | Depths:4 | Reached skill level 26 in Unarmed Combat
 45712 | Depths:4 | Found a gate to the Realm of Zot.
 45905 | Depths:3 | Voluntarily entered the Abyss.
 46107 | Abyss:4  | Found a corrupted altar of Lugonu.
 46214 | Abyss:4  | Found a corrupted altar of Lugonu.
 46248 | Abyss:4  | Noticed a dread lich
 46253 | Abyss:4  | Killed a dread lich
 46254 | Abyss:4  | Reached XP level 25. HP: 250/250 MP: 19/19
 46335 | Depths:3 | Escaped the Abyss
 46338 | Depths:3 | Voluntarily entered the Abyss.
 46356 | Abyss:4  | Found a corrupted altar of Lugonu.
 46359 | Abyss:5  | Noticed an ancient lich
 46367 | Abyss:5  | Killed an ancient lich
 46444 | Depths:3 | Escaped the Abyss
 46527 | Depths:3 | Voluntarily entered the Abyss.
 46527 | Abyss:5  | Found a corrupted altar of Lugonu.
 46600 | Abyss:5  | Gained mutation: You occasionally lose the ability to drink
                  | potions when taking damage. [a neqoxec]
 46615 | Abyss:5  | Paralysed by accursed screaming for 2 turns
 46640 | Abyss:5  | Reached skill level 15 in Fighting
 46654 | Abyss:5  | Got an abyssal rune of Zot
 46682 | Depths:3 | Escaped the Abyss
 46755 | Hell     | Entered the Vestibule of Hell
 46757 | Hell     | Noticed Geryon
 46763 | Hell     | Killed Geryon
 46889 | Hell     | Found a gateway to the decaying netherworld of Tartarus.
 46987 | Hell     | Found a gateway to the freezing wastes of Cocytus.
 47092 | Hell     | Found a gateway to the Iron City of Dis.
 47152 | Hell     | Found a gateway to the ashen valley of Gehenna.
 47329 | Pan      | Entered Pandemonium
 47341 | Pan      | Gained mutation: You are clumsy. (Dex -2) [a neqoxec]
 47351 | Pan      | Gained mutation: You are weak. (Str -2) [a neqoxec]
 47424 | Pan      | Noticed Yhaeha Dysk the pandemonium lord
 47427 | Pan      | Killed Yhaeha Dysk the pandemonium lord
 47428 | Pan      | Reached skill level 1 in Armour
 47430 | Pan      | Gained mutation: You are very weak. (Str -4) [a cacodemon]
 47432 | Pan      | Gained mutation: You occasionally shout uncontrollably at
                  | your foes. [a cacodemon]
 47434 | Pan      | Gained mutation: Your health recovers twice as slowly from
                  | being drained. [a cacodemon]
 47946 | Pan      | Gained mutation: Your magical capacity is very low. (-20%
                  | MP) [a cacodemon]
 48160 | Pan      | Noticed Egebludwe the pandemonium lord
 48165 | Pan      | Killed Egebludwe the pandemonium lord
 48345 | Pan      | Reached XP level 26. HP: 262/262 MP: 17/17
 48988 | Pan      | Noticed Pottayj the pandemonium lord
 49229 | Pan      | Reached skill level 27 in Unarmed Combat
 49285 | Pan      | Reached skill level 5 in Armour
 50447 | Pan      | Killed Pottayj the pandemonium lord
 50471 | Pan      | Got a demonic rune of Zot
 50840 | Pan      | Identified the +8 chain mail "Ofaudu Waow" {*Slow rN+ rCorr
                  | Int+9}
 50916 | Pan      | Noticed Larinuew the pandemonium lord
 50925 | Pan      | Killed Larinuew the pandemonium lord
 51009 | Pan      | Found an ancient bone altar of Kikubaaqudgha.
 51444 | Depths:4 | Escaped Pandemonium
 51711 | Slime:1  | Entered Level 1 of the Pits of Slime
 51714 | Slime:1  | Reached skill level 10 in Armour
 51922 | Slime:3  | Noticed Dissolution
 52276 | Slime:3  | Killed Dissolution
 52618 | Slime:4  | Reached XP level 27. HP: 231/270 MP: 10/17
 52881 | Slime:5  | Entered Level 5 of the Pits of Slime
 53100 | Slime:5  | Noticed the Royal Jelly
 53106 | Slime:5  | Killed the Royal Jelly
 53205 | Slime:5  | Found the +16 obsidian axe {drain, demonic, Mesm ^Drain Fly
                  | SInv}
 53224 | Slime:5  | Identified the ring "Luyfegigh" {rPois rN+ Str+4 Dex-2
                  | Stlth+}
 53242 | Slime:5  | Got a slimy rune of Zot
 53256 | Slime:5  | Got the Vellum of Harmful Conduction
 53276 | Slime:5  | Got Sif Muna's Codex of Ice
 53294 | Slime:5  | Identified the +1 glaive of Circular Logic {drain, Str+3
                  | Int+6}
 54265 | Lair:5   | Identified the +11 halberd of the Maze {flame, rF+ Str+2
                  | Dex+5}
 54672 | Pan      | Entered Pandemonium
 54735 | Pan      | Noticed Witoprit the pandemonium lord
 54744 | Pan      | Killed Witoprit the pandemonium lord
 54745 | Pan      | Reached skill level 15 in Armour
 54759 | Pan      | Reached skill level 1 in Translocations
 54798 | Pan      | Found an exit through the horrors of the Abyss.
 54802 | Pan      | Identified the +9 battleaxe of Foul Odours {venom, MP+9}
 54914 | Pan      | Reached skill level 1 in Air Magic
 54920 | Pan      | Reached skill level 1 in Spellcasting
 55384 | Pan      | Took an exit into the Abyss.
 55384 | Abyss:5  | Escaped into the Abyss
 55499 | Depths:1 | Escaped the Abyss
 55589 | Depths:3 | Bought a potion of mutation for 400 gold pieces
 55589 | Depths:3 | Bought a potion of mutation for 400 gold pieces
 55589 | Depths:3 | Bought a potion of mutation for 400 gold pieces
 55589 | Depths:3 | Bought a potion of mutation for 400 gold pieces
 55589 | Depths:3 | Bought a potion of mutation for 400 gold pieces
 55589 | Depths:3 | Bought a potion of mutation for 400 gold pieces
 55589 | Depths:3 | Bought a potion of mutation for 400 gold pieces
 55589 | Depths:3 | Bought a potion of mutation for 400 gold pieces
 55589 | Depths:3 | Bought a potion of mutation for 400 gold pieces
 55589 | Depths:3 | Bought a potion of mutation for 400 gold pieces
 55659 | Depths:2 | Lost mutation: You occasionally shout uncontrollably at
                  | your foes. [potion of mutation]
 55659 | Depths:2 | Lost mutation: You are very weak. (Str -4) [potion of
                  | mutation]
 55659 | Depths:2 | Lost mutation: You occasionally lose the ability to drink
                  | potions when taking damage. [potion of mutation]
 55659 | Depths:2 | Lost mutation: You are weak. (Str -2) [potion of mutation]
 55659 | Depths:2 | Gained mutation: You are occasionally teleported next to
                  | monsters. [potion of mutation]
 55660 | Depths:2 | Lost mutation: Your health recovers twice as slowly from
                  | being drained. [potion of mutation]
 55660 | Depths:2 | Lost mutation: You are occasionally teleported next to
                  | monsters. [potion of mutation]
 55660 | Depths:2 | Gained mutation: You have hidden genetic defects. [potion
                  | of mutation]
 55660 | Depths:2 | Gained mutation: Your mind is acute. (Int +4, Str/Dex -1)
                  | [potion of mutation]
 55660 | Depths:2 | Gained mutation: You possess an exceptional clarity of
                  | mind. [potion of mutation]
 55666 | Pan      | Entered Pandemonium
 55689 | Pan      | Found an exit through the horrors of the Abyss.
 55949 | Pan      | Reached skill level 5 in Translocations
 56195 | Pan      | Noticed Masann the pandemonium lord
 56207 | Pan      | Killed Masann the pandemonium lord
 56213 | Pan      | Reached skill level 5 in Air Magic
 56420 | Pan      | Reached skill level 5 in Spellcasting
 56481 | Pan      | Found a runed translucent door.
 56515 | Pan      | Entered the realm of Lom Lobon.
 56991 | Pan      | Noticed Lom Lobon
 56996 | Pan      | Killed Lom Lobon
 57048 | Pan      | Got a magical rune of Zot
 57390 | Pan      | Noticed Mennas
 57394 | Pan      | Entered the realm of Cerebov.
 57537 | Pan      | Found an exit through the horrors of the Abyss.
 58018 | Pan      | Identified the ring "Tengoil" {rElec Str+6 Int+2}
 58137 | Pan      | Found the +6 sword of Cerebov {flame}
 58137 | Pan      | Noticed Cerebov
 58149 | Pan      | Killed Cerebov
 58149 | Pan      | Identified the +8 great mace of Ifysoc {chaos, Will- Str+3
                  | Dex+4}
 58151 | Pan      | Identified the ring of Miwih {Fire Will+ Str+2 Dex+3}
 58282 | Pan      | Identified the flux talisman of Beauty {rN+ rCorr Dex-5}
 58302 | Pan      | Identified the staff of Equilibrium {Str+3 Fire Earth}
 58320 | Pan      | Identified the ring of Xom's Malicious Joy {*Slow Fly Will+
                  | Dex+3 Stlth+}
 58323 | Pan      | Identified the ring "Uptiyle" {MP+9 Str+6 Int-4}
 58327 | Pan      | Identified the staff of Nusazeax {rF+ rN+ Dex-2 Fire Ice}
 58344 | Pan      | Got a fiery rune of Zot
 58350 | Pan      | Lost mutation: Your mind is acute. (Int +4, Str/Dex -1)
                  | [potion of mutation]
 58350 | Pan      | Lost mutation: Your magical capacity is very low. (-20% MP)
                  | [potion of mutation]
 58350 | Pan      | Gained mutation: Your flesh is heat resistant. (rF+)
                  | [potion of mutation]
 58351 | Pan      | Lost mutation: You are clumsy. (Dex -2) [potion of
                  | mutation]
 58351 | Pan      | Lost mutation: Your magical capacity is low. (-10% MP)
                  | [potion of mutation]
 58351 | Pan      | Lost mutation: Your flesh is heat resistant. (rF+) [potion
                  | of mutation]
 58351 | Pan      | Gained mutation: Your spells are a little harder to cast,
                  | but a little more powerful. [potion of mutation]
 58351 | Pan      | Gained mutation: You have a pair of small antennae on your
                  | head. [potion of mutation]
 58408 | Pan      | Entered the realm of Gloorx Vloq.
 58408 | Pan      | Noticed Gloorx Vloq
 58412 | Pan      | Killed Gloorx Vloq
 58757 | Pan      | Got a dark rune of Zot
 58950 | Pan      | Noticed Mennas
 58981 | Pan      | Killed Mennas
 58987 | Pan      | Acquired a manual of Shields
 59404 | Pan      | Noticed Sidillych the pandemonium lord
 59413 | Pan      | Killed Sidillych the pandemonium lord
 59645 | Pan      | Found an exit through the horrors of the Abyss.
 59780 | Pan      | Reached skill level 10 in Translocations
 59932 | Pan      | Found a white marble altar of Elyvilon.
 59992 | Pan      | Gained mutation: You are frail. (-10% HP) [hidden defects]
 60097 | Pan      | Found an exit through the horrors of the Abyss.
 60522 | Pan      | Noticed Diotus the pandemonium lord
 60528 | Pan      | Killed Diotus the pandemonium lord
 60652 | Pan      | Found an exit through the horrors of the Abyss.
 60654 | Pan      | Noticed Asikhlau the pandemonium lord
 60658 | Pan      | Killed Asikhlau the pandemonium lord
 60734 | Pan      | Entered the realm of Mnoleg.
 60734 | Pan      | Noticed Mnoleg
 60741 | Pan      | Killed Mnoleg
 60940 | Pan      | Reached skill level 10 in Air Magic
 61362 | Pan      | Identified the blade talisman of Fashionability {rPois
                  | Int+6 Dex-4 Stlth+}
 61539 | Pan      | Got a glowing rune of Zot
 61598 | Pan      | Noticed Venamol the pandemonium lord
 61618 | Pan      | Killed Venamol the pandemonium lord
 61786 | Pan      | Found an exit through the horrors of the Abyss.
 61814 | Pan      | Took an exit into the Abyss.
 61814 | Abyss:6  | Escaped into the Abyss
 61827 | Abyss:6  | Found a corrupted altar of Lugonu.
 61870 | Abyss:6  | Found a corrupted altar of Lugonu.
 61939 | Depths:2 | Escaped the Abyss
 62047 | Zot:1    | Entered Level 1 of the Realm of Zot
 62120 | Zot:1    | Reached skill level 10 in Spellcasting
 63765 | Zot:3    | Found a transporter.
 63771 | Zot:3    | Noticed Sofait's ghost (legendary GnFE)
 63825 | Zot:3    | Found a transporter.
 64460 | Zot:4    | Lost mutation: You are frail. (-10% HP) [potion of
                  | mutation]
 64460 | Zot:4    | Lost mutation: You have hidden genetic defects. [potion of
                  | mutation]
 64460 | Zot:4    | Lost mutation: You have a pair of small antennae on your
                  | head. [potion of mutation]
 64460 | Zot:4    | Gained mutation: Your flesh is cold resistant. (rC+)
                  | [potion of mutation]
 64505 | Zot:4    | Found the +6 arbalest "Damnation" {damnation}
 64721 | Zot:4    | Identified the ring of Understanding {rPois rN+ Slay-2
                  | SInv}
 64835 | Zot:4    | Noticed an orb of fire
 64840 | Zot:4    | Killed an orb of fire
 65289 | Dis:1    | Entered Level 1 of the Iron City of Dis
 65410 | Dis:1    | You are sucked into a shaft and drop 1 floor!
 66303 | Dis:7    | Entered Level 7 of the Iron City of Dis
 67368 | Dis:7    | Noticed the Serpent of Hell
 67377 | Dis:7    | Killed the Serpent of Hell
 67981 | Dis:7    | Identified the ring "Regonon" {rF+ Str+2 Dex+7}
 68126 | Dis:7    | Identified the +9 scimitar "Conservator" {heavy, rPois rF++
                  | Dex+6}
 68262 | Dis:7    | Noticed Dispater
 68275 | Dis:7    | Killed Dispater
 68586 | Dis:7    | Got the Grimoire of Morbid Bewitchment
 68589 | Dis:7    | Got an iron rune of Zot
 68592 | Dis:7    | Identified the +3 shortbow of Irksome Exoneration {drain,
                  | Int+3}
 68826 | Tar:1    | Entered Level 1 of Tartarus
 70256 | Tar:7    | Entered Level 7 of Tartarus
 70662 | Tar:7    | Noticed a dread lich
 70664 | Tar:7    | Paralysed by a dread lich for 3 turns
 70669 | Tar:7    | Found the +10 Black Knight's barding {ponderous, rPois rN+}
 70669 | Tar:7    | Killed a dread lich
 70670 | Tar:7    | Noticed a dread lich
 70672 | Tar:7    | Reached skill level 10 in Dodging
 70673 | Tar:7    | Paralysed by a dread lich for 4 turns
 70678 | Tar:7    | Killed a dread lich
 70863 | Tar:7    | Identified the +5 great sword "Enot" {spect, *Corrode SInv
                  | Stlth+}
 70878 | Tar:7    | Noticed a dread lich
 70879 | Tar:7    | Noticed an ancient lich
 70882 | Tar:7    | Killed a dread lich
 70882 | Tar:7    | Killed an ancient lich
 70885 | Tar:7    | Identified the +6 longbow "Xinonuta" {heavy, rCorr}
 70888 | Tar:7    | Identified the ring "Ceobul" {rF+ Str+2}
 70889 | Tar:7    | Identified the amulet "Giraal" {Reflect rN++ Dex+2 SH+5}
 70927 | Tar:7    | Identified the +2 robe of the Slorg {rElec Str+4 Int+2}
 71256 | Tar:7    | Noticed Ereshkigal
 71420 | Tar:7    | Killed Ereshkigal
 71499 | Tar:7    | Got a bone rune of Zot
 71717 | Coc:1    | Entered Level 1 of Cocytus
 73197 | Coc:7    | Entered Level 7 of Cocytus
 73212 | Coc:7    | Paralysed by a wendigo for 1 turns
 73264 | Coc:7    | Paralysed by a wendigo for 1 turns
 73346 | Coc:7    | Paralysed by a wendigo for 1 turns
 73408 | Coc:7    | Paralysed by a wendigo for 1 turns
 73527 | Coc:7    | Paralysed by a wendigo for 1 turns
 73655 | Coc:7    | Paralysed by a wendigo for 1 turns
 73672 | Coc:7    | Paralysed by a wendigo for 1 turns
 73711 | Coc:7    | Paralysed by a wendigo for 1 turns
 73774 | Coc:7    | Identified the +5 halberd "Zifusosi" {freeze, rF+ rN+
                  | Str+2}
 73774 | Coc:7    | Identified the ring of Duttau {Wiz rElec Dex+7 SInv}
 73790 | Coc:7    | Noticed Antaeus
 73816 | Coc:7    | Killed Antaeus
 73996 | Coc:7    | Got an icy rune of Zot
 74151 | Coc:7    | Identified the staff of Overwhelming Force {rPois MP+9
                  | Int+2 Stlth- Hexes Alchemy}
 74296 | Hell     | Learned a level 5 spell: Silence
 74297 | Geh:1    | Entered Level 1 of Gehenna
 74571 | Geh:2    | Reached skill level 1 in Hexes
 75045 | Geh:4    | You are sucked into a shaft and drop 1 floor!
 75601 | Geh:7    | Entered Level 7 of Gehenna
 76304 | Geh:7    | Identified the ring of Azuloqer {Str+3 SInv}
 76406 | Geh:7    | Found the +13 sceptre of Asmodeus
 76406 | Geh:7    | Noticed Asmodeus
 76418 | Geh:7    | Killed Asmodeus
 76434 | Geh:7    | Got an obsidian rune of Zot
 76570 | Geh:7    | Reached skill level 5 in Hexes
 77039 | Tomb:1   | Entered Level 1 of the Tomb of the Ancients
 77506 | Tomb:1   | Identified the +3 orcbow of the Zealous God {heavy, rElec
                  | Will- Str+2}
 77589 | Tomb:1   | Noticed a royal mummy
 77593 | Tomb:1   | Noticed a royal mummy
 77623 | Tomb:1   | Killed a royal mummy
 77634 | Tomb:1   | Killed a royal mummy
 77760 | Tomb:1   | Noticed a royal mummy
 77784 | Tomb:1   | Killed a royal mummy
 77819 | Tomb:1   | Identified the staff of Fortitude {rF+ rN+ Dex+2 Fire}
 77961 | Tomb:1   | Learned a level 2 spell: Blink
 78054 | Tomb:2   | Noticed a royal mummy
 78057 | Tomb:2   | Noticed a royal mummy
 78057 | Tomb:2   | Noticed a royal mummy
 78068 | Tomb:2   | Killed a royal mummy
 78071 | Tomb:2   | Killed a royal mummy
 78079 | Tomb:2   | Killed a royal mummy
 78105 | Tomb:2   | Noticed a royal mummy
 78118 | Tomb:2   | Killed a royal mummy
 78405 | Tomb:1   | Noticed a royal mummy
 78409 | Tomb:1   | Killed a royal mummy
 78416 | Tomb:1   | Noticed a royal mummy
 78417 | Tomb:1   | Noticed a royal mummy
 78425 | Tomb:1   | Killed a royal mummy
 78432 | Tomb:1   | Killed a royal mummy
 78451 | Tomb:1   | Noticed a royal mummy
 78465 | Tomb:1   | Killed a royal mummy
 78493 | Tomb:1   | Noticed a royal mummy
 78502 | Tomb:1   | Killed a royal mummy
 78533 | Tomb:1   | Noticed a royal mummy
 78542 | Tomb:1   | Killed a royal mummy
 78542 | Tomb:1   | Noticed a royal mummy
 78545 | Tomb:1   | Noticed a royal mummy
 78555 | Tomb:1   | Killed a royal mummy
 78559 | Tomb:1   | Killed a royal mummy
 78559 | Tomb:1   | Noticed a royal mummy
 78564 | Tomb:1   | Killed a royal mummy
 78566 | Tomb:1   | Noticed a royal mummy
 78571 | Tomb:1   | Killed a royal mummy
 78575 | Tomb:1   | Noticed a royal mummy
 78578 | Tomb:1   | Noticed a royal mummy
 78582 | Tomb:1   | Killed a royal mummy
 78583 | Tomb:1   | Noticed a royal mummy
 78597 | Tomb:1   | Killed a royal mummy
 78599 | Tomb:1   | Killed a royal mummy
 78609 | Tomb:1   | Noticed a royal mummy
 78612 | Tomb:1   | Noticed a royal mummy
 78617 | Tomb:1   | Killed a royal mummy
 78618 | Tomb:1   | Reached skill level 10 in Hexes
 78623 | Tomb:1   | Killed a royal mummy
 78633 | Tomb:1   | Noticed a royal mummy
 78662 | Tomb:1   | Killed a royal mummy
 78724 | Tomb:1   | Noticed a royal mummy
 78728 | Tomb:1   | Killed a royal mummy
 78730 | Tomb:1   | Noticed a royal mummy
 78739 | Tomb:1   | Killed a royal mummy
 78746 | Tomb:1   | Noticed a royal mummy
 78759 | Tomb:1   | Killed a royal mummy
 78930 | Tomb:3   | Entered Level 3 of the Tomb of the Ancients
 78971 | Tomb:3   | Noticed a royal mummy
 78971 | Tomb:3   | Noticed a royal mummy
 78974 | Tomb:3   | Noticed a royal mummy
 78986 | Tomb:3   | Killed a royal mummy
 78987 | Tomb:3   | Killed a royal mummy
 78991 | Tomb:3   | Noticed a royal mummy
 78993 | Tomb:3   | Noticed a royal mummy
 78993 | Tomb:3   | Noticed a royal mummy
 79000 | Tomb:3   | Noticed a royal mummy
 79000 | Tomb:3   | Noticed a royal mummy
 79004 | Tomb:3   | Killed a royal mummy
 79004 | Tomb:3   | Found the +11 Singing Sword {sonic wave}
 79030 | Tomb:3   | Killed a royal mummy
 79082 | Tomb:3   | Noticed a royal mummy
 79130 | Tomb:3   | Killed a royal mummy
 79135 | Tomb:3   | Killed a royal mummy
 79137 | Tomb:3   | Killed a royal mummy
 79138 | Tomb:3   | Killed a royal mummy
 79140 | Tomb:3   | Killed a royal mummy
 79152 | Tomb:3   | Got a golden rune of Zot
 79751 | Zot:5    | Entered Level 5 of the Realm of Zot
 80066 | Zot:5    | Noticed an orb of fire
 80067 | Zot:5    | Noticed an orb of fire
 80070 | Zot:5    | Noticed an orb of fire
 80079 | Zot:5    | Killed an orb of fire
 80081 | Zot:5    | Killed an orb of fire
 80086 | Zot:5    | Noticed a dread lich
 80086 | Zot:5    | Killed an orb of fire
 80090 | Zot:5    | Noticed an ancient lich
 80100 | Zot:5    | Noticed an ancient lich
 80110 | Zot:5    | Killed a dread lich
 80112 | Zot:5    | Killed an ancient lich
 80115 | Zot:5    | Noticed an ancient lich
 80115 | Zot:5    | Noticed a dread lich
 80115 | Zot:5    | Killed an ancient lich
 80128 | Zot:5    | Killed a dread lich
 80132 | Zot:5    | Killed an ancient lich
 80576 | Zot:5    | Got the Orb of Zot
 81181 | D:3      | Noticed Mopt the pandemonium lord
 81268 | D:$      | Escaped with the Orb!

Illustrated notes

Levels and vault maps discovered:
D:1:      dpeg_arrival_chambers_temple_mockup, layout_basic, serial_shops,
          nicolae_shop_competitors_out_of_business
D:2:      minmay_diamond_boxcup, layout_loops_ring
D:3:      layout_basic, chequers_ecumenical_altar_simple_redux,
          uniq_crazy_yiuf_cottage
D:4:      cheibrodos_fertilizer, layout_rooms,
          mainiacjoe_overflow_six_doors_small, nicolae_wu_jian_wuxing_cycle,
          kennysheep_little_box, uniq_natasha, uniq_ijyb
D:5:      kennysheep_six_static_rooms, layout_cave_pools, bloody_trog,
          st_stairs_5
D:6:      layout_loops_ring, minmay_temple_entry_crystal_x
D:7:      layout_basic, old_standard_altar, billiards_dpeg
D:8:      layout_layer_cave, special_room [special_room_kobold],
          uniq_prince_ribbit1, uniq_grum
D:9:      layout_stronghold, mainiacjoe_overflow_paths, orc_0_dummy,
          uniq_jeremiah
D:10:     minmay_klotski, layout_basic, amcnicky_altar_gilded,
          mainiacjoe_overflow_24_doors, serial_co_window_serial,
          co_window_corner_a, co_window_paths_a, co_window_paths_a,
          co_window_corner_a, co_window_of_opportunity_a, co_window_paths_a,
          co_window_paths_b, co_window_paths_a, co_window_corner_a,
          co_window_of_opportunity_b, co_window_cross_2, co_window_2corner,
          co_window_of_opportunity_b, co_window_paths_e, glass_columns_a,
          glass_columns_c, glass_columns_b, enter_trove_0,
          nicolae_specific_store, minmay_statues_item, uniq_maggie, uniq_fannar,
          uniq_erolcha
D:11:     layout_loops_corners, dpeg_oklobed_lair
D:12:     layout_gridville, ebering_ghost_xom
D:13:     layout_basic, gauntlet_entry_generic
D:14:     layout_big_octagon, lightli_vaults_fourway_checkpoint
D:15:     hangedman_depths_entry_civil_slaughter, layout_rooms,
          bh_walls_and_bars, uniq_nessos
Lair:1:   layout_gridlike, gammafunk_ghost_icy, minmay_lair_oklob_items,
          hibernation_bobbens
Lair:2:   layout_regular_city, minmay_swamp_entry_swarm, uniq_nergalle
Lair:3:   layout_regular_city, dummy_spider_entry, grunt_megastairs_2
Lair:4:   layout_hall_layers, minmay_slime_entry_oklob_open
Lair:5:   evilmike_catoblepas_cave, layout_layer_cave, infiniplex_staircase_pool
Swamp:1:  layout_basic_swamp, hangedman_swamp_ruin_wall
Swamp:2:  layout_basic_swamp, serial_swamp_ruin, evilmike_swamp_ruin_wall,
          evilmike_swamp_ruin_house_3
Swamp:3:  gammafunk_worm_tunnel, layout_falls_marsh, hangedman_swamp_blocks
Swamp:4:  swamp_vile, layout_basic_swamp, nicolae_swamp_decorative_isthmus,
          uniq_bai_suzhen
Spider:1: layout_spider_delve
Spider:2: layout_spider_delve, guppyfry_spider_mini_2, uniq_asterion,
          uniq_nikola
Spider:3: layout_cave_pods, uniq_aizul, uniq_arachne
Spider:4: guppyfry_spider_rune, drop_trap, hellmonk_spider_spawner, uniq_roxanne
Slime:1:  layout_caves, nicolae_slime_phagocytosis
Slime:2:  layout_caves
Slime:3:  layout_caves, uniq_dissolution
Slime:4:  layout_caves
Slime:5:  slime_pit_nicolae_royal_road_to_ruin
Orc:1:    layout_caves, basic_altar
Orc:2:    st_orc_congregation, layout_caves
Elf:1:    layout_geoelf_grid, ebering_ghost_gozag, minmay_elf_necromancy,
          wad_floor_pattern_untrapped
Elf:2:    nicolae_elf_blades_splatter_lattice [grunt_blade_entry_basic],
          layout_geoelf_diagonals
Elf:3:    minmay_elf_hall_dome, layout_loops_corners, gammafunk_ghost_arena,
          serial_shops, nicolae_shop_crystal, feat_on_display
Vaults:1: nicolae_vaults_whirlpool_walls, nicolae_vaults_storage_closets_2,
          nicolae_vaults_wrenched, vaults_dpeg_hooks,
          nicolae_vaults_diagonal_hallway_6, vaults_mumra_minichess_inversion,
          nicolae_vaults_little_squares_3, nicolae_vaults_gold_heap,
          vaults_room_grunt_arrival_ludios, nicolae_vaults_more_shelving_1,
          hangedman_vaults_nails, layout_vaults_omnigrid, serial_shops, shop
Vaults:2: hangedman_vaults_river_flow, nicolae_vaults_trapezoid_lopsided_2,
          v_rooms_3, nicolae_vaults_layer_cake_slice, hangedman_vaults_stream,
          nicolae_vaults_ellipses_ellipsis, v_misc_27,
          nicolae_vaults_oval_intersection, nicolae_vaults_house_3,
          grunt_vaults_diagonal, nicolae_vaults_stairing_the_circle,
          nicolae_vaults_murder_corner, nicolae_vaults_diagonal_hallway_6,
          layout_vaults_chaotic_city, serial_shops, shop
Vaults:3: nicolae_vaults_big_ls, nicolae_vaults_cornered_office,
          minmay_crypt_entry_simple_statues, nicolae_vaults_circle_grid_b,
          v_misc_17, v_alt_pattern_2, vaults_dpeg_ring, nicolae_vaults_house_1,
          nicolae_vaults_alarming, nicolae_vaults_tetromino_Z_1,
          nicolae_vaults_storage_closets_1, nicolae_vaults_network_square,
          nicolae_vaults_tetromino_Z_2, v_alt_pattern_1, layout_vaults_ring
Vaults:4: ebering_ghost_inner_flame, ontoclasm_vaults_claustrophobia,
          nicolae_vaults_disjoint_gnomons, hangedman_vaults_unwind, v_pattern_3,
          v_misc_12, nicolae_vaults_shelves_hall, nicolae_vaults_double_plus_2,
          nicolae_vaults_network_quinsquares
          [nicolae_vaults_network_quincunx_subvault,
          nicolae_vaults_network_quincunx_subvault,
          nicolae_vaults_network_quincunx_subvault,
          nicolae_vaults_network_quincunx_subvault], nicolae_vaults_two_Ls,
          nicolae_vaults_turnstiles, nicolae_vaults_storage_room_statues,
          layout_vaults_maze_snakey, serial_shops, shop
Vaults:5: serial_shops
Crypt:1:  layout_catacombs
Crypt:2:  gammafunk_crypt_yreds_forest, layout_chaotic_city, serial_glass,
          glass_columns_c, glass_columns_a, glass_columns_c, glass_columns_c,
          due_unseen_surprise, minmay_strange_pillars, minmay_strange_pillars,
          uniq_saint_roka
Crypt:3:  evilmike_haunted_forest
Tomb:1
Tomb:2
Tomb:3
Depths:1: layout_gridville, solitary_fountain, hell_entry, serial_shops,
          nicolae_shop_behind_doors, rand_demon_pan_entry_5,
          nicolae_gozag_cash_rules_everything_around_me, uniq_boris
Depths:2: gammafunk_dig_for_victory, layout_cave_pools, minmay_door_square,
          pf_hell_entry_tar_spiral, pan_entry, mu_enter_wizlab_3,
          nicolae_shop_gadgets, uniq_enchantress
Depths:3: grated_community_mu [grated_community_mu_vampire_home,
          grated_community_mu_giant_home, grated_community_mu_spellcaster_home,
          grated_community_mu_orcish_home, grated_community_mu_troll_home,
          grated_community_mu_taur_home, grated_community_mu_unbuilt_plot],
          layout_cave_pools, gammafunk_ghost_cemetery, abyss_entry_flame_altar,
          hell_entry, okawaru_trees_2, serial_shops, bzr_entry_gold, uniq_vv
Depths:4: grunt_runaround [grunt_runaround_zot, grunt_runaround_doors_1,
          grunt_runaround_doors_2, grunt_runaround_doors_3,
          grunt_runaround_doors_4], pan_entry, hell_entry
Hell
Dis:1:    layout_regular_city
Dis:2:    layout_gridville
Dis:3:    layout_gridville, nicolae_hells_seeping_fissure
Dis:4:    layout_gridville
Dis:5:    layout_subdivisions
Dis:6:    nicolae_dis_pentagon_2, layout_gridville
Dis:7:    iron_city_of_dis [dis_mu, dis_wall_4], layout_gridville
Geh:1:    layout_gehenna_lava_caves
Geh:2:    layout_gehenna_lava_caves
Geh:3:    layout_gehenna_pools_triple
Geh:4:    layout_gehenna_pools_basic
Geh:5:    layout_gehenna_pools_triple
Geh:6:    layout_gehenna_lava_caves
Geh:7:    geh_grunt
Coc:1:    layout_ice_bergs
Coc:2:    layout_cocytus_delve
Coc:3:    layout_cocytus_water_paths
Coc:4:    nicolae_coc_on_the_berg
Coc:5:    layout_cocytus_water_paths
Coc:6:    layout_ice_bergs
Coc:7:    coc_hangedman
Tar:1:    layout_grid_maze, nicolae_tar_cuneiform_heaven
Tar:2:    layout_catacombs, nicolae_tar_honey_chapel
Tar:3:    layout_honeycomb, nicolae_tar_stay_or_leave
Tar:4:    layout_grid_maze
Tar:5:    layout_grid_maze, nicolae_hells_seeping_fissure
Tar:6:    layout_honeycomb
Tar:7:    tar_grunt_cathedral
Zot:1:    circus_mu, layout_concentric_octagons, regret_index_zotdec_magical_s
Zot:2:    layout_misc_corridors, grunt_megastairs_3
Zot:3:    layout_cellular_growth, gammafunk_ghost_berserking_beasts,
          lemuel_elevator, regret_index_zotdec_twisting_globes, uniq_grunn
Zot:4:    lemuel_firehouse, layout_onion_interference
Zot:5:    layout_misc_corridors

Skill      XL: |  1  2  3  4  5  6  7  8  9 10 11 12 13 14 15 16 17 18 19 20 21 22 23 24 25 26 27 |
---------------+----------------------------------------------------------------------------------+-----
Fighting       | 3 4 5 6 7 9 10 11 12 13 14 15 24 | 24.7
Unarmed Combat | 3 4 5 6 8 10 11 12 14 15 17 19 20 21 22 23 24 25 26 27 | 27.0
Shields        | 3 6 8 10 12 14 16 17 18 19 20 25 | 25.0
Dodging        | 3 5 6 12 | 12.0
Throwing       | 3 6 8 9 10 14 | 14.3
Shapeshifting  | 7 11 14 16 18 19 21 22 23 24 | 24.0
Armour         | 3 12 19 | 19.9
Translocations | 13 | 13.2
Air Magic      | 14 | 14.0
Spellcasting   | 11 | 11.6
Hexes          | 14 | 14.0
Stealth        | |  2.7

Action                     |  1- 3 |  4- 6 |  7- 9 | 10-12 | 13-15 | 16-18 | 19-21 | 22-24 | 25-27 || total
---------------------------+-------+-------+-------+-------+-------+-------+-------+-------+-------++-------
  Melee: Unarmed           |    12 |   187 |   246 |   461 |   995 |  1141 |  1251 |  1032 |  6626 || 11951
         Punch             |     1 |     3 |     9 |    50 |    19 |       |       |       |       ||    82
  Throw: Throwing net      |       |     1 |       |     1 |     1 |     2 |     2 |       |     3 ||    10
         Javelin           |       |       |       |       |     7 |    27 |     1 |     1 |    10 ||    46
         Large rock        |       |       |       |       |    33 |    81 |     3 |    11 |    76 ||   204
         Dart              |       |       |       |       |     2 |       |       |       |       ||     2
         Boomerang         |       |       |       |       |       |   236 |    12 |     9 |    45 ||   302
   Cast: Vhi's Electric Ch |       |       |       |       |       |       |       |       |    33 ||    33
         Silence           |       |       |       |       |       |       |       |       |     4 ||     4
         Blink             |       |       |       |       |       |       |       |       |     1 ||     1
 Invoke: Serpent's Lash    |       |       |       |     9 |    11 |     9 |    10 |    12 |    51 ||   102
         Heavenly Storm    |       |       |       |     1 |     1 |       |     2 |     2 |    14 ||    20
Ability: Lunge             |       |    25 |    24 |    49 |    91 |    96 |   128 |   114 |   719 ||  1246
         Whirlwind         |       |     9 |    15 |    57 |   218 |   107 |    69 |   113 |   752 ||  1340
         Wall Jump         |       |       |       |       |     1 |     6 |     1 |       |     5 ||    13
         Siphon Essence    |       |       |       |       |       |       |       |       |     1 ||     1
  Evoke: Wand              |       |       |     8 |    16 |     5 |     2 |     2 |     4 |     8 ||    45
         Lightning rod     |       |       |       |       |     2 |       |       |       |       ||     2
         Phantom mirror    |       |       |       |       |       |       |     1 |       |     2 ||     3
    Use: Scroll            |     2 |     3 |     4 |    14 |     9 |     1 |     8 |     9 |    43 ||    93
         Potion            |     1 |     2 |       |     9 |     3 |       |       |     4 |    14 ||    33
   Stab: Sleeping          |       |    10 |     1 |     5 |     5 |       |     5 |     2 |     1 ||    29
         Held in net/web   |       |     1 |       |       |     1 |       |       |       |       ||     2
         Distracted        |       |       |     1 |     2 |       |     1 |     2 |     1 |     3 ||    10
         Invisible         |       |       |       |     4 |       |       |       |       |     2 ||     6
         Confused          |       |       |       |       |       |       |       |       |     1 ||     1
 Armour: Robe              |     9 |   132 |   163 |   136 |    72 |     8 |       |       |       ||   520
         Acid dragon scale |       |       |       |   152 |   193 |   414 |   142 |       |       ||   901
         Skin              |       |       |       |    12 |       |       |   242 |   512 |   410 ||  1176
         Troll leather arm |       |       |       |       |       |       |    16 |       |       ||    16
         Gold dragon scale |       |       |       |       |       |       |       |       |  1519 ||  1519
  Dodge: Dodged            |     1 |    71 |    83 |   199 |   148 |   245 |   213 |   290 |   904 ||  2154
  Block: Tower shield      |       |       |       |       |   665 |  1004 |  1026 |   906 |  4118 ||  7719
   Form: Statue            |       |       |       |       |       |       |     1 |     2 |     5 ||     8
                           |       |       |       |       |       |       |       |     2 |     3 ||     5
         Death             |       |       |       |       |       |       |       |       |    10 ||    10
